 Dungeon Crawl Stone Soup version 0.26-b1-32-g5d43845318 (webtiles) character file.

Game seed: 1039164002008570453

107 Borgoz the Cudgeller (level 4, -6/38 HPs)
             Began as a Ghoul Gladiator on Jan 13, 2021.
             Mangled by a gnoll (8 damage)
             ... on level 2 of the Dungeon.
             The game lasted 00:01:16 (1456 turns).

Borgoz the Cudgeller (Ghoul Gladiator)              Turns: 1456, Time: 00:01:16

Health: -6/38      AC:  4    Str: 18    XL:     4   Next: 85%
Magic:  3/3        EV: 16    Int:  3    God:
Gold:   61         SH:  0    Dex: 10    Spells: 3/3 levels left

rFire    . . .     SeeInvis .   a - +0 flail
rCold    + . .     Faith    .   (no shield)
rNeg     + + +     Spirit   .   b - +0 leather armour
rPois    ∞         Reflect  .   c - +0 helmet
rElec    .         Harm     .   (no cloak)
rCorr    .         Rampage  .   (no gloves)
Will     .....                  (no boots)
Stlth    +.........             (no amulet)
HPRegen  0.00/turn              k - +4 ring of evasion
MPRegen  0.08/turn              (no ring)

@: mighty
A: claws 1, cold resistance 1, negative energy resistance 3, inhibited
regeneration, torment resistance, unbreathing
a: no special abilities


You were on level 2 of the Dungeon.
You visited 1 branch of the dungeon, and saw 2 of its levels.

You collected 61 gold pieces.

Inventory:

Hand Weapons
 a - a +0 flail (weapon)
Missiles
 d - 2 throwing nets (quivered)
Armour
 b - a +0 leather armour (worn)
 c - a +0 helmet (worn)
Jewellery
 k - a +4 ring of evasion (left claw)
Scrolls
 e - a scroll of fog {unknown}
 f - 3 scrolls of identify {unknown}
 j - 2 scrolls of magic mapping {unknown}
 l - a scroll of fear {unknown}
 m - a scroll of amnesia {unknown}
 o - a scroll of teleportation {unknown}
Potions
 g - a potion of attraction {unknown}
 h - a potion of degeneration {unknown}
 i - a potion of heal wounds {unknown}
 n - a potion of might
 p - a potion of flight {unknown}


   Skills:
 * Level 3.2 Fighting
 * Level 3.3 Maces & Flails
 - Level 1.7 Throwing
 * Level 1.7 Armour
 * Level 3.3 Dodging


You had 3 spell levels left.
You didn't know any spells.
Your spell library was empty.

Dungeon Overview and Level Annotations

Branches:
Dungeon (2/15)

Altars:


Innate Abilities, Weirdness & Mutations

You thrive by killing the living.
You are immune to poison.
You have sharp fingernails.
Your flesh is cold resistant. (rC+)
You are immune to negative energy. (rN+++)
You do not regenerate when monsters are visible.
You are immune to unholy pain and torment.
You can survive without breathing.


Message History

* * * LOW HITPOINT WARNING * * *
A gnoll comes into view.
Throw: 3 throwing nets
Press: ? - help, Q - select action Shift-Dir - straight line, f - gnoll
Aim: a gnoll, wielding a +0 halberd You throw a throwing net.
The throwing net hits the gnoll.
The gnoll is caught in the net!
The gnoll shouts!
The gnoll struggles against the net.
The gnoll hits you.
* * * LOW HITPOINT WARNING * * *
You thump the gnoll!
The gnoll is severely wounded.
The gnoll struggles against the net.
The gnoll misses you.
You bludgeon the gnoll!!
You kill the gnoll!
The gnoll completely misses you.
You thump the gnoll!
You kill the gnoll!
The gnoll hits you!
You die...

#### #.#
#.##............
.... #.#
#..'............
.(..
#.###.##............
....
#....)..............
....
##.##.#.............
....
#..#.#.............
.... #
##.#.##############
.... #..###†).#.....
.... #....g@..'.....
.... ##.####).#.....
#### ......... ###
.#........ ..#
#.##....... #.# #
....... #.# >......
#.# ##..... '.#


You could see a gnoll.

Vanquished Creatures
  3 gnolls (D:2)
  6 adders (D:2)
  2 worms (D:2)
  A dart slug (D:2)
  2 bats (D:1)
  8 hobgoblins
  A ball python (D:1)
  3 frilled lizards
  2 goblins
  2 kobolds (D:2)
  A rat (D:2)
31 creatures vanquished.

Notes
Turn   | Place    | Note
-------+----------+-------------------------------------------
     0 | D:1      | Borgoz the Ghoul Gladiator began the quest for the Orb.
     0 | D:1      | Reached XP level 1. HP: 17/17 MP: 0/0
   386 | D:1      | Reached XP level 2. HP: 23/25 MP: 1/1
   772 | D:2      | Reached skill level 1 in Armour
   772 | D:2      | Reached XP level 3. HP: 29/30 MP: 2/2
  1018 | D:2      | Reached XP level 4. HP: 28/38 MP: 3/3
  1456 | D:2      | Mangled by a gnoll

Illustrated notes

Levels and vault maps discovered:
D:1:      giann_horns, layout_loops_ring, serial_aquarium,
          aquarium_bridge_square [aquarium_subvault_bridge,
          aquarium_subvault_bridge, aquarium_subvault_wall,
          aquarium_subvault_wall], aquarium_window_2,
          aquarium_window_corridor_2, aquarium_view_4, aquarium_view_2e,
          aquarium_balcony_double_1, aquarium_pool_four
D:2:      layout_basic

Skill      XL: |  1  2  3 |
---------------+----------+-----
Maces & Flails | 3 |  3.3
Armour         | 1 |  1.7
Dodging        | 3 |  3.3
Fighting       | 3 |  3.2
Throwing       | |  1.7

Action                   |  1- 3 |  4- 6 || total
-------------------------+-------+-------++-------
Melee: Flail             |    72 |    47 ||   119
Throw: Throwing net      |       |     1 ||     1
  Use: Potion            |       |     1 ||     1
Armor: Leather armour    |    25 |     6 ||    31
Dodge: Dodged            |    52 |    43 ||    95
